Map: Ruins of Seras

Players

vax

  • Race: Zerg Zerg

LilDicky - Winner!

  • Race: Terran Terran

VOD

http://www.twitch.tv/tumescentpie

Description

Time

  • Played on: Nov. 19, 2015, 9:46 p.m.
  • Length: 8:04
Show
View Real Time Build Order
Export as new Build Order

vax Zerg 

Build Orders: Hatch First 

Get SALT Encoding   

  12  0:01  Drone  
  13  0:08  Drone  
  14  0:18  Overlord  
  14  0:37  Drone x2  
  16  0:58  Drone  
  16  1:01  Hatchery  
  16  1:11  Spawning Pool  
  15  1:12  Drone  
  15  1:16  Drone  
  17  1:35  Drone x2  
  19  1:40  Extractor  
  19  1:41  Extractor  
  19  1:46  Drone  
  18  1:58  Drone x2  
  20  2:03  Queen  
  22  2:25  Zergling x4  
  25  2:30  Drone x2  
  26  2:38  Queen  
  26  2:40  Overlord  
  28  3:06  Drone x3  
  28  3:12  Drone x2  
  33  3:16  Zergling x2  
  34  3:27  Roach Warren  
  34  3:28  Metabolic Boost  
  33  3:35  Evolution Chamber  
  32  3:42  Zergling x8  
  32  3:47  Overlord  
  36  3:52  Hatchery  
  35  4:18  Zergling x6  
  29  4:39  Drone  
  25  5:06  Roach x3  
  30  5:15  Roach x3  
  34  5:37  Drone  
  35  5:44  Ravager  
  35  5:45  Ravager  
  35  5:46  Ravager  
  36  5:59  Roach x2  
  38  6:17  Roach x3  
  38  6:18  Roach x2  
  35  6:43  Roach x3  
  35  6:45  Ravager  
  35  6:46  Ravager  
  42  6:54  Overlord  
  42  6:56  Queen  
  35  7:06  Ravager  
  35  7:07  Ravager x4  
Show
View Real Time Build Order
Export as new Build Order

LilDicky Terran - Winner!

Build Orders: Liberator Opening 

Get SALT Encoding   

  12  0:03  SCV  
  13  0:15  SCV  
  13  0:18  Supply Depot  
  14  0:27  SCV  
  15  0:36  Refinery  
  15  0:40  SCV  
  16  0:47  Barracks  
  16  0:52  SCV  
  17  1:04  SCV  
  18  1:16  SCV  
  19  1:28  SCV  
  20  1:34  Marine  
  20  1:36  Supply Depot  
  21  1:40  Orbital Command  
  21  1:47  Factory  
  21  2:00  Barracks Reactor  
  21  2:07  SCV  
  22  2:16  Refinery  
  22  2:19  SCV  
  23  2:31  SCV  
  23  2:34  Starport  
  24  2:43  Hellion x2  
  28  2:46  SCV  
  28  2:48  Barracks Reactor  
  29  2:52  Supply Depot  
  29  2:58  SCV  
  30  3:10  SCV  
  31  3:14  Hellion x2  
  31  3:17  Liberator  
  35  3:25  Supply Depot  
  35  3:32  SCV  
  35  3:33  Barracks Tech Lab  
  39  3:47  SCV, Hellion x2  
  44  3:50  Supply Depot  
  44  3:53  Armory  
  44  3:57  Marauder  
  44  3:59  Concussive Shells  
  46  4:11  Bunker  
  46  4:23  Liberator  
  47  4:39  Marauder  
  49  4:56  Hellion x2  
  52  5:07  SCV  
  52  5:09  Marauder  
  55  5:15  Command Center  
  55  5:16  Liberator  
  55  5:31  Terran Vehicle Weapons Level 1  
  55  5:34  SCV, Hellion x2  
  53  5:46  SCV  
  51  6:22  Hellion x2  
  51  6:23  Medivac x2  
  51  6:24  SCV  
  60  6:25  Marauder  
  60  6:28  Barracks  
  60  6:29  Barracks  
  60  6:30  Barracks  
  56  6:36  SCV  
  57  6:49  SCV  
  58  7:06  SCV  
  59  7:23  Orbital Command  
  59  7:26  Hellion  
  59  7:27  Hellion  
  59  7:29  Barracks Tech Lab x3  
  63  7:33  Medivac x2, Marauder  
  63  7:34  SCV  
  67  7:46  SCV  
Tags
 
Add a new tag
Caveats
  • Supply blocks, unpowered buildings, or Contaminate may cause inaccurate times.
  • Supply counts are checked every 10 seconds.